 Dungeon Crawl Stone Soup version 0.30.1-9-gdf580d7c3d (webtiles) character file.

Game seed: 16944753285644053303

52 lonewolfV2 the Trooper (level 3, -1/29 HPs)
             Began as a Demonspawn Fighter on Oct 25, 2023.
             Slain by a black bear (4 damage)
             ... on level 3 of the Dungeon.
             The game lasted 00:02:36 (1661 turns).

lonewolfV2 the Trooper (Demonspawn Fighter)         Turns: 1661, Time: 00:02:36

Health: -1/29      AC: 11    Str: 18    XL:     3   Next: 60%
Magic:  3/3        EV:  5    Int:  9    God:
Gold:   78         SH:  4    Dex: 12    Spells: 2/2 levels left

rFire   . . .        a - +1 war axe
rCold   . . .        c - +0 buckler
rNeg    . . .        j - +0 plate armour
rPois   .            (no helmet)
rElec   .            (no cloak)
rCorr   .            (no gloves)
SInv    .            (no boots)
Will    .....        (no amulet) Stlth
                     g - ring of wizardry
HPRegen 0.24/turn    (no ring)
MPRegen 0.08/turn

%: wizardry (x1)
@: no status effects
A: hooves 1, powered by death 1
a: no special abilities


You were on level 3 of the Dungeon.
You visited 1 branch of the dungeon, and saw 3 of its levels.

You collected 78 gold pieces.

Inventory:

Hand Weapons
 a - a +1 war axe (weapon)
Armour
 c - a +0 buckler (worn)
 e - a +1 chain mail
 j - a +0 plate armour (worn)
Jewellery
 g - a ring of wizardry (left hand)
Scrolls
 b - a scroll of enchant armour
 i - a scroll of teleportation
 l - a scroll of poison {unknown}
Potions
 d - 2 potions of might
 f - 7 potions of curing
 h - a potion of attraction
 k - 2 potions of heal wounds {unknown}


   Skills:
 + Level 3.3 Fighting
 - Level 1.7 Axes
 + Level 3.0 Armour
 * Level 1.7 Dodging
 + Level 3.0 Shields


You had 2 spell levels left.
You didn't know any spells.
Your spell library contained the following spells:

 Spells                   Type           Power      Damage    Failure   Level
 Magic Dart               Conj           0%         1d3       100%        1
 Searing Ray              Conj           0%         2d4       100%        2
 Fulminant Prism          Conj/Hex       0%         3d5       100%        4
 Summon Forest            Summ/Tloc      0%         N/A       100%        5
 Eringya's Noxious Bog    Tmut/Pois      0%         N/A       100%        6
 Summon Hydra             Summ           0%         N/A       100%        7


Dungeon Overview and Level Annotations

Branches:
Dungeon (3/15)

Altars:
Kikubaaqudgha
Uskayaw
Xom


Innate Abilities, Weirdness & Mutations

You have large cloven feet.
You regenerate a little health from kills.


Message History

The bat hits you but does no damage.
You slash the endoplasm!
You kill the endoplasm!
You miss the bat. The bat barely misses you.
The bat hits you but does no damage. The bat hits you but does no damage.
You hit the black bear. You kick the black bear.
The black bear is lightly wounded.
The bat hits you but does no damage. The black bear bites you!
The black bear claws you but does no damage.
The black bear completely misses you.
You hit the black bear.
The black bear is moderately wounded.
The bat hits you but does no damage.
The black bear bites you but does no damage.
The black bear claws you but does no damage. x2
The black bear bites you.
The black bear claws you but does no damage.
You block the black bear's attack.
You hit the black bear. You kick the black bear.
The black bear is moderately wounded.
You hit the bat but do no damage. The bat hits you but does no damage.
The black bear barely misses you. x3; The bat hits you.
You hit the black bear. You kick the black bear.
The black bear is severely wounded.
You hit the bat but do no damage. The bat hits you.
The black bear goes berserk!
The bat hits you but does no damage. The black bear bites you!
The black bear claws you but does no damage. x2
You hit the black bear but do no damage.
You kick the black bear.
The black bear is almost dead.
You slash the bat!
You kill the bat!
The black bear bites you!
* * * LOW HITPOINT WARNING * * *
The black bear claws you but does no damage. x2
The black bear bites you but does no damage.
The black bear claws you.
You die...

..........# ..........#
######'#### #########
.....#.# #.......#
####.#.### #.......#
<..#.#...# #.......#
##.#.###.####.......####
............+...........
.#.#.###.####...@†..#
.#.#.#....†.....h...#
........................
.###.#..................
.# #.#..................
.# ..#..................
.# ###.......####.#.....
.# #.......# +#..... .#
#.......# ...


You could see a black bear (berserk).

Vanquished Creatures
  A worm (D:2)
  3 dart slugs (D:1)
  7 ball pythons
  5 bats
  4 endoplasms
  2 giant cockroaches
  4 goblins
  2 hobgoblins (D:1)
  3 jackals (D:2)
  5 kobolds
  2 rats
38 creatures vanquished.

Notes
Turn   | Place    | Note
-------+----------+-------------------------------------------
     0 | D:1      | lonewolfV2 the Demonspawn Fighter began the quest for the
                  | Orb.
     0 | D:1      | Reached XP level 1. HP: 18/18 MP: 1/1
   100 | D:1      | Discovered your monstrous ancestry.
   100 | D:1      | Gained mutation: You have large cloven feet. [demonic
                  | ancestry]
   100 | D:1      | Reached XP level 2. HP: 22/24 MP: 2/2
   153 | D:1      | Reached skill level 1 in Dodging
   599 | D:1      | Gained mutation: You regenerate a little health from kills.
                  | [demonic ancestry]
   599 | D:1      | Reached XP level 3. HP: 29/29 MP: 3/3
  1510 | D:3      | Found a hide-covered altar of Uskayaw.
  1517 | D:3      | Found an ancient bone altar of Kikubaaqudgha.
  1520 | D:3      | Found a shimmering altar of Xom.
  1652 | D:3      | Noticed a black bear
  1661 | D:3      | Slain by a black bear

Illustrated notes

Levels and vault maps discovered:
D:1:      scummos_arrival_simple_fountains, layout_loops_ring,
          minmay_nonomino_d4
D:2:      layout_loops_corners
D:3:      layout_basic, chequers_temple_overflow_statue_of_worship,
          hangedman_feature_mirror

Skill      XL: |  1  2  3 |
---------------+----------+-----
Dodging        | 1 |  1.7
Armour         | 3 |  3.0
Shields        | 3 |  3.0
Fighting       | |  3.3
Axes           | |  1.7

Action                     || total
---------------------------++-------
  Melee: War axe           ||    94
         Kick              ||    18
    Use: Scroll            ||     5
 Armour: Chain mail        ||    55
         Plate armour      ||    19
  Dodge: Dodged            ||    30
  Block: Buckler           ||    29
